Match 41789939
Unlisted

Match 41789939
End
Construct Section Command Post
Infantry Section
Infantry Section
ML 3-inch Mortar Team
Construct Platoon Command Post
Infantry Section
Grenade Package
Vickers Machine Gun Team
Unlock Bishop Self-propelled Artillery
Selects Heavy Armor Battlegroup
Selects Rigorous Vehicle Training
Light Vehicle Training
6-pounder Anti-tank Gun Team
AI Takeover
Glendizzle
TidaL
唇在两腿间
simaogui
Rensesus
Zambarau
Twankies
Mael Radec
0
0

Comments sign in to comment!

No comments posted yet!